 Dungeon Crawl Stone Soup version 0.23.2-33-g5129a83184 (webtiles) character file.

Game seed: 14898330133891357157

117 DorianNounverber the Digger (level 5, 0/29 HPs)
             Began as a Gargoyle Earth Elementalist on July 15, 2019.
             Slain by Sigmund
             ... wielding a +0 scythe
              (3 damage)
             ... on level 3 of the Dungeon.
             The game lasted 00:06:13 (2935 turns).

DorianNounverber the Digger (GrEE)                  Turns: 2935, Time: 00:06:13

Health: 0/29       AC:  6    Str: 12    XL:     5   Next: 1%
Magic:  0/9        EV: 12    Int: 16    God:
Gold:   140        SH:  0    Dex: 10    Spells: 1/9 levels left

rFire    . . .     SeeInvis .   r - +0 quarterstaff
rCold    . . .     Gourm    .   (shield currently unavailable)
rNeg     + . .     Faith    .   c - +0 robe
rPois    ∞         Spirit   +   (no helmet)
rElec    +         Reflect  .   j - scarf {Spirit}
rCorr    .         Harm     +   (no gloves)
MR       .....                  (no boots)
Stlth    +.........             h - amulet of harm
HPRegen  0.09/turn              (no ring)
MPRegen  0.11/turn              (no ring)

@: confused
A: negative energy resistance 1, electricity resistance, unbreathing,
petrification resistance, rot immunity, AC +4
a: no special abilities


You were on level 3 of the Dungeon.
You were not hungry.

You visited 1 branch of the dungeon, and saw 3 of its levels.

You collected 140 gold pieces.

Inventory:

Hand Weapons
 a - a +0 flail
 r - a +0 quarterstaff (weapon)
Missiles
 b - 111 stones (quivered)
Armour
 c - a +0 robe (worn)
 j - a scarf of spirit shield (worn)
Jewellery
 h - an amulet of harm (around neck)
Scrolls
 f - a scroll of identify {unknown}
 g - a scroll of enchant armour {unknown}
 i - a scroll of blinking {unknown}
 k - a scroll of remove curse {unknown}
 o - a scroll of teleportation {unknown}
Potions
 e - 3 potions of curing {unknown}
 l - a potion of mutation {unknown}
 m - 2 potions of lignification {unknown}
 n - a potion of brilliance {unknown}
 p - a potion of heal wounds {unknown}
 s - a potion of berserk rage {unknown}
 t - a potion of magic {unknown}
Comestibles
 d - 4 rations


   Skills:
 + Level 1.5 Fighting
 - Level 0.8(1.0) Maces & Flails
 + Level 0.4(0.8) Staves
 + Level 2.1 Dodging
 - Level 2.1 Stealth
 * Level 2.9 Spellcasting
 - Level 0.7 Transmutations
 * Level 4.8 Earth Magic


You had one spell level left.
You knew the following spells:

 Your Spells              Type           Power        Failure   Level  Hunger
a - Sandblast             Erth           ###...       2%          1    #......
b - Stone Arrow           Conj/Erth      ##....       22%         3    ###....
c - Petrify               Tmut/Erth      ##......     52%         4    #####..

Your spell library contained the following spells:

 Spells                   Type           Power        Failure   Level  Hunger
 Passwall                 Tmut/Erth      ##......     9%          2    ##.....
 Lee's Rapid Deconstruct  Erth           ###.......   58%         5    ######.


Dungeon Overview and Level Annotations

Branches:
Dungeon (3/15)

Altars:

Annotations:
D:3 Sigmund


Innate Abilities, Weirdness & Mutations

You are resistant to torment.
Your stone body is resilient. (AC +4)
You are immune to poison.
You resist negative energy. (rN+)
You are resistant to electric shocks. (rElec)
You can survive without breathing.
You are immune to petrification.
You are immune to rotting.


Message History

The magic dart hits you.
You bump into the rock wall.
Sigmund hits you with a +0 scythe.
You're too confused to move!
The worm barely misses you.
You barely miss Sigmund.
Sigmund mumbles some strange words.
Sigmund flickers and vanishes!
Deactivating autopickup; reactivate with Ctrl-A.
The worm bites you.
All of the chunks of flesh in your inventory have rotted away.
You bump into the rock wall.
Something hits you but does no damage.
You bump into the rock wall.
Something hits you. The worm bites you!
You bump into the rock wall.
You hit the worm.
The worm is lightly wounded.
Something hits you.
* * * LOW HITPOINT WARNING * * *
The worm bites you.
* * * LOW HITPOINT WARNING * * *
Something hits you.
You die...

#######.#######
#..............
#.#####.#######
####.# #.# # #.##.#
#.# #.##.#.#.#####.#
#####.#{###........#
.......w.#.#.#######
#####....@...#
##########


You could see a worm.

Vanquished Creatures
  2 adders
  A gnoll (D:1)
  3 oozes (D:2)
  4 worms
  A dart slug (D:1)
  2 leopard geckos (D:2)
  3 orcs (D:3)
  3 giant cockroaches (D:1)
  10 goblins
  10 hobgoblins
  7 kobolds
  5 bats
  2 frilled lizards
  5 rats
58 creatures vanquished.

Notes
Turn   | Place    | Note
-------+----------+-------------------------------------------
     0 | D:1      | DorianNounverber the Gargoyle Earth Elementalist began the
                  | quest for the Orb.
     0 | D:1      | Reached XP level 1. HP: 10/10 MP: 3/3
     3 | D:1      | Reached XP level 2. HP: 16/16 MP: 0/5
   139 | D:1      | Reached skill level 4 in Earth Magic
   426 | D:1      | Reached XP level 3. HP: 20/20 MP: 6/6
   431 | D:1      | Learned a level 3 spell: Stone Arrow
  1199 | D:2      | Reached skill level 1 in Fighting
  1470 | D:2      | Reached XP level 4. HP: 20/25 MP: 6/8
  1493 | D:2      | Learned a level 4 spell: Petrify
  2848 | D:3      | Reached XP level 5. HP: 25/29 MP: 6/9
  2924 | D:3      | Noticed Sigmund
  2935 | D:3      | Slain by Sigmund

Skill      XL: |  1  2  3 |
---------------+----------+-----
Earth Magic    | 4 |  4.8
Fighting       | 1 |  1.5
Dodging        | 2 |  2.1
Maces & Flails | |  0.8
Staves         | |  0.4
Stealth        | |  2.1
Spellcasting   | |  2.9
Transmutations | |  0.7

Action                   |  1- 3 |  4- 6 || total
-------------------------+-------+-------++-------
Melee: Flail             |   109 |    37 ||   146
       Quarterstaff      |       |    54 ||    54
 Cast: Sandblast         |    11 |    10 ||    21
 Stab: Sleeping          |     1 |     3 ||     4
  Eat: Ration            |     1 |       ||     1
       Chunk             |       |     3 ||     3
Armor: Robe              |    57 |    28 ||    85
Dodge: Dodged            |    99 |    54 ||   153
